 Dungeon Crawl Stone Soup version 0.32-a0-685-g93135e86f0 (webtiles) character file.

Game seed: 4953979688703904297

682 holysushi the Ruffian (level 7, -2/42 HPs)
             Began as a Gargoyle Fighter on Mar 13, 2024.
             Killed from afar by Blork the orc (5 damage)
             ... with a puff of frost
             ... on level 4 of the Dungeon.
             The game lasted 00:05:01 (2813 turns).

holysushi the Ruffian (Gargoyle Fighter)            Turns: 2813, Time: 00:05:01

Health: -2/42      AC: 12    Str: 19    XL:     7   Next: 61%
Magic:  7/7        EV: 10    Int:  9    God:
Gold:   153        SH:  4    Dex: 11    Spells: 6/6 levels left

rFire   . .          .
                       - Unarmed
rCold   . . .        b - +0 buckler
rNeg    + . .        a - +0 scale mail
rPois   ∞            m - +0 helmet
rElec   +            (no cloak)
rCorr   +            (no gloves)
SInv    .            (no boots)
Will    .....        (no amulet) Stlth
                     e - ring of resist corrosion
HPRegen 0.27/turn    (no ring)
MPRegen 0.10/turn

%: no passive effects
@: no status effects
A: sickness immunity, AC +4, negative energy resistance 1, electricity
resistance, torment resistance 1, petrification resistance
a: no special abilities


You were on level 4 of the Dungeon.
You visited 1 branch of the dungeon, and saw 4 of its levels.

You collected 153 gold pieces.

Inventory:

Armour
 a - a +0 scale mail (worn)
 b - a +0 buckler (worn)
 m - a +0 helmet (worn)
 s - a +2 robe of fire resistance
Jewellery
 e - a ring of resist corrosion (left hand)
Wands
 h - a wand of warping (5)
 l - a wand of flame (6)
Scrolls
 d - a scroll of revelation {unknown}
 f - 2 scrolls of amnesia {unknown}
 g - 3 scrolls of identify {unknown}
 i - 2 scrolls of teleportation {unknown}
 k - a scroll of enchant weapon {unknown}
 n - 2 scrolls of immolation {unknown}
 o - a scroll of noise {unknown}
 q - 2 scrolls of vulnerability {unknown}
Potions
 c - a potion of might
 j - a potion of cancellation {unknown}
 p - a potion of attraction {unknown}
 r - a potion of resistance {unknown}
 t - a potion of magic


   Skills:
 + Level 3.6 Fighting
 - Level 3.2 Armour
 + Level 2.2 Dodging
 - Level 3.2 Shields
 + Level 7.1 Unarmed Combat
 - Level 2.0 Evocations


You had 6 spell levels left.
You didn't know any spells.
Your spell library was empty.

Dungeon Overview and Level Annotations

Branches:
Dungeon (4/15) Zot: 21191
 Temple: D:4-7

Altars:
The Shining One

Annotations:
D:2 Sigmund
D:4 Blork the orc


Innate Abilities, Weirdness & Mutations

You are immune to sickness and miasma.
Your stone body is resilient. (AC +4)
You are immune to poison.
You resist negative energy. (rN+)
You are resistant to electric shocks. (rElec)
You are resistant to unholy torment.
You are immune to petrification.


Message History

You closely miss the kobold.
The kobold hits you with a +0 short sword.
You hit the kobold.
The kobold is heavily wounded.
The kobold closely misses you.
You barely miss the kobold.
The kobold is heavily wounded.
The kobold hits you but does no damage.
You miss the kobold.
The kobold is heavily wounded.
Blork the orc hits you with a +0 war axe.
The kobold hits you but does no damage.
You closely miss the kobold.
The kobold is moderately wounded.
You block Blork the orc's attack. The kobold hits you but does no damage.
You hit Blork the orc.
Blork the orc is lightly wounded.
Blork the orc gestures wildly while chanting.
Blork the orc seems to speed up.
The kobold hits you with a +0 short sword.
You hit the kobold.
You kill the kobold!
Blork the orc hits you with a +0 war axe.
Blork the orc points at you and mumbles some strange words.
The puff of flame hits you! Blork the orc casts a spell at you.
You block the puff of frost.
There is an open door here.
Blork the orc gestures at you while chanting.
The puff of flame hits you!
Blork the orc hits you but does no damage.
There is an open door here.
You are too injured to fight recklessly!
Blork the orc gestures at you while chanting.
The puff of flame hits you!
* * * LOW HITPOINT WARNING * * *
It was a potion of magic.
Magic courses through your body.
Blork the orc gestures at you while chanting.
The puff of frost hits you.
You die...

####.########.....###
.....................
####.########.#######
# #.# #.# .# ... #.#
..# #.### ... #...#
#######+# ##.
###.###........ ##
#.@.o........ ..
#<###.)...... .. #.#
#........ ## #.#
#........ #.#
#######+# #.# #.# #.#


You could see Blork the orc (fast).

Vanquished Creatures
  Pikel (D:3)
  Jessica (D:2)
  Ijyb (D:3)
  Terence (D:2)
  Natasha (twice) (D:2)
  2 adders (D:2)
  A dart slug (D:4)
  A ribbon worm (D:2)
  2 orcs
  3 bats (D:1)
  5 endoplasms
  4 giant cockroaches
  2 goblins (D:2)
  5 hobgoblins
  9 jackals
  6 kobolds
  3 quokkas
  5 ball pythons
  2 frilled lizards
  A rat (D:3)
57 creatures vanquished.

Notes
Turn   | Place    | Note
-------+----------+-------------------------------------------
     0 | D:1      | holysushi the Gargoyle Fighter began the quest for the Orb.
     0 | D:1      | Reached XP level 1. HP: 14/14 MP: 1/1
    53 | D:1      | Reached XP level 2. HP: 19/19 MP: 2/2
   482 | D:1      | Reached skill level 3 in Unarmed Combat
   876 | D:2      | Reached XP level 3. HP: 23/23 MP: 3/3
  1026 | D:2      | Noticed Jessica
  1031 | D:2      | Killed Jessica
  1032 | D:2      | Reached skill level 4 in Unarmed Combat
  1032 | D:2      | Reached XP level 4. HP: 28/28 MP: 4/4
  1043 | D:2      | Noticed Terence
  1048 | D:2      | Killed Terence
  1069 | D:2      | You fall into a shaft and drop 1 floor!
  1069 | D:3      | Found a glowing golden altar of the Shining One.
  1085 | D:3      | Noticed Ijyb
  1111 | D:3      | Killed Ijyb
  1112 | D:3      | Reached skill level 5 in Unarmed Combat
  1112 | D:3      | Reached XP level 5. HP: 9/32 MP: 5/5
  1636 | D:2      | Noticed Natasha
  1637 | D:2      | Noticed Sigmund
  1646 | D:2      | Killed Natasha
  1783 | D:2      | Reached skill level 1 in Evocations
  1902 | D:2      | Noticed Natasha
  1911 | D:2      | Killed Natasha
  2525 | D:4      | Noticed a lemure
  2525 | D:4      | Noticed Pikel
  2525 | D:4      | Noticed a lemure
  2527 | D:4      | Noticed a lemure
  2532 | D:4      | Noticed a lemure
  2548 | D:3      | Killed Pikel
  2549 | D:3      | Reached skill level 6 in Unarmed Combat
  2549 | D:3      | Reached skill level 7 in Unarmed Combat
  2549 | D:3      | Reached XP level 6. HP: 3/37 MP: 6/6
  2549 | D:3      | Reached XP level 7. HP: 3/41 MP: 7/7
  2799 | D:4      | Noticed Blork the orc
  2813 | D:4      | Killed from afar by Blork the orc

Illustrated notes

Levels and vault maps discovered:
D:1:      dpeg_arrival_rooms_c, layout_basic
D:2:      layout_basic, kennysheep_nondescript, uniq_sigmund, uniq_natasha,
          uniq_jessica, uniq_terence
D:3:      layout_rooms, nicolae_tso_swordbearing_angel, serial_bayou_pond_c,
          uniq_ijyb
D:4:      layout_basic, grunt_ministairs_11, eino_tiny_chamber,
          minmay_misc_feat_alley, uniq_pikel, uniq_robin, uniq_blork_the_orc,
          uniq_duvessa, uniq_grinder

Skill      XL: |  1  2  3  4  5 |
---------------+----------------+-----
Unarmed Combat | 3 4 5 7 |  7.1
Evocations     | 2 |  2.0
Dodging        | 2 |  2.2
Fighting       | |  3.6
Armour         | |  3.2
Shields        | |  3.2

Action                     |  1- 3 |  4- 6 |  7- 9 || total
---------------------------+-------+-------+-------++-------
  Melee: Unarmed           |   133 |    71 |    20 ||   224
  Evoke: Wand              |       |    11 |       ||    11
    Use: Potion            |       |     1 |     1 ||     2
 Armour: Scale mail        |    90 |    48 |    19 ||   157
  Dodge: Dodged            |    78 |    25 |     6 ||   109
  Block: Buckler           |    27 |     9 |     6 ||    42

Table legend: (Time is in decaauts)
 A = Elapsed time spent in this place.
 B = Non-inter-level travel time spent in this place.
 C = Inter-level travel time spent in this place.
 D = Time resting spent in this place.
 E = Time spent auto-exploring this place.
 F = Levels seen in this place.
 G = Mean time per level.
                   A        B        C        D        E       F      G
               +--------+--------+--------+--------+--------+-----+--------+
         Total |   2807 |   2664 |    143 |    431 |   1610 |   4 |  701.8 |
       Dungeon |   2807 |   2664 |    143 |    431 |   1610 |   4 |  701.8 |
               +--------+--------+--------+--------+--------+-----+--------+

Top non-repeatable levels by time:
     D:2: 1232 daAuts
     D:1: 826 daAuts
     D:3: 626 daAuts
     D:4: 121 daAuts
